 Dungeon Crawl Stone Soup version 0.27.1-2-g3b301248ec (webtiles) character file.

Game seed: 3373454273416174795

6768 ABBCCCDDDD the Fighter (level 11, -7/77 HPs)
             Began as an Octopode Enchanter on Sept 29, 2021.
             Was an Initiate of Gozag.
             Mangled by a centaur warrior (10 damage)
             ... on level 9 of the Dungeon.
             The game lasted 00:23:30 (12604 turns).

ABBCCCDDDD the Fighter (Octopode Enchanter)        Turns: 12604, Time: 00:23:30

Health: -7/77      AC:  9    Str: 12    XL:     11   Next: 4%
Magic:  25/27      EV: 13    Int: 21    God:    Gozag
Gold:   525        SH:  5    Dex: 12    Spells: 6/20 levels left

rFire    + . .     SeeInvis .   b - +2 dagger (venom)
rCold    + + .     Faith    .   C - +0 buckler
rNeg     . . .     Spirit   .   (helmet restricted)
rPois    +         Reflect  .   (no amulet)
rElec    +         Harm     .   r - +4 ring of protection
rCorr    +         Rampage  .   o - ring of magical power
Will     .....                  E - ring "Dyuwig" {rC+ AC+4 Str+4}
Stlth    +++++.....             (no ring)
HPRegen  0.22/turn              (no ring)
MPRegen  0.20/turn              (no ring)
                                (no ring)
                                (no ring)

@: resistant
A: almost no armour, amphibious, 8 rings, camouflage 1, gelatinous body 1,
(nimble swimmer 1), tentacles
a: Renounce Religion, Potion Petition, Call Merchant, Bribe Branch


You were on level 9 of the Dungeon.
You worshipped Gozag.
Gozag was pleased with you.
You visited 2 branches of the dungeon, and saw 12 of its levels.
You also visited: Bailey.

You collected 1416 gold pieces.
You spent 817 gold pieces at shops.
You paid 74 gold pieces to Gozag.

Inventory:

Hand Weapons
 a - a +1 dagger
 b - a +2 dagger of venom (weapon)
 c - a +4 dagger of holy wrath
 k - a +1 dagger of speed
 x - a +2 halberd of electrocution
 G - a +2 dagger of flaming
 H - a +2 dagger of freezing
Missiles
 i - 85 boomerangs
 m - 3 throwing nets
 D - 25 poisoned darts (quivered)
Armour
 C - a +0 buckler (worn)
Jewellery
 o - a ring of magical power (right tentacle)
 r - a +4 ring of protection (left tentacle)
 E - the ring "Dyuwig" (on tentacle) {rC+ AC+4 Str+4}
   (You bought it in a shop on level 4 of the Dungeon)

   [ring of protection]

   AC:        It affects your AC (+4).
   Str:       It affects your strength (+4).
   rC:        It protects you from cold.
Wands
 j - a wand of acid (9)
 q - a wand of iceblast (3)
Scrolls
 f - a scroll of fog
 g - 3 scrolls of immolation
 h - 2 scrolls of silence
 l - a scroll of fear
 n - a scroll of enchant weapon
 s - a scroll of enchant armour
 t - 2 scrolls of amnesia
 w - a scroll of teleportation
 y - a scroll of vulnerability {unknown}
 z - a scroll of holy word {unknown}
 L - a scroll of acquirement
Potions
 d - 3 potions of resistance
 e - a potion of flight
 p - 3 potions of brilliance {unknown}
 u - 3 potions of cancellation {unknown}
 v - a potion of ambrosia {unknown}
 A - 2 potions of magic {unknown}
 B - a potion of heal wounds {unknown}
 F - 2 potions of degeneration {unknown}
 I - 2 potions of mutation {unknown}
 J - 2 potions of might {unknown}
 K - 4 potions of haste


   Skills:
 - Level 8.1 Fighting
 - Level 4.0 Short Blades
 - Level 2.0 Dodging
 - Level 8.0 Stealth
 - Level 4.0 Shields
 - Level 5.0 Spellcasting
 + Level 4.5 Conjurations
 - Level 5.0 Hexes
 + Level 8.0 Ice Magic
 + Level 4.3 Air Magic


You had 6 spell levels left.
You knew the following spells:

 Your Spells              Type           Power      Damage    Failure   Level
a - Corona                Hex            28%        N/A       1%          1
b - Ensorcelled Hibernat  Hex/Ice        64%        N/A       1%          2
c - Tukima's Dance        Hex            26%        N/A       4%          3
d - Ozocubu's Armour      Ice            38%        N/A       1%          3
e - Freezing Cloud        Conj/Ice/Air   14%        6-21      30%         5

Your spell library contained the following spells:

 Spells                   Type           Power      Damage    Failure   Level
 Confusing Touch          Hex            26%        N/A       4%          3
 Dazzling Flash           Conj/Hex       50%        N/A       4%          3
 Corpse Rot               Necr/Air       N/A        N/A       7%          2
 Poisonous Vapours        Pois/Air       28%        N/A       7%          2
 Pain                     Necr           20%        1d5       11%         1
 Animate Dead             Necr           2%         N/A       71%         4
 Passage of Golubria      Tloc           N/A        N/A       71%         4
 Yara's Violent Unravell  Hex/Tmut       7%         3d5       71%         5
 Agony                    Necr           5%         N/A       96%         5
 Excruciating Wounds      Necr           2%         N/A       96%         5
 Ozocubu's Refrigeration  Ice            19%        4d8       98%         7
 Haunt                    Necr/Summ      2%         N/A       100%        7
 Infestation              Necr           2%         N/A       100%        8


Dungeon Overview and Level Annotations

Branches:
Dungeon (11/15)            Temple (1/1) D:5            Lair (0/6) D:8
 Bailey (visited)
    Orc: D:9-12

Altars:
Ashenzari
Cheibriados
Fedhas
Gozag
Hepliaklqana
Qazlal
Ru
Trog
Vehumet
Wu Jian
Xom

Shops:
D:4 =   D:7 [


Innate Abilities, Weirdness & Mutations

You cannot wear most types of armour.
You are amphibious.
You can wear up to eight rings at the same time.
Your skin changes colour to match your surroundings (Stealth+).
Your rubbery body absorbs attacks. (AC +1, EV +1)
((You are camouflaged near water. (Stealth+)))
You have tentacles for arms and can constrict up to eight enemies at once.


Message History

The centaur warrior kicks you but does no damage.
The ufetubus closely misses you. The ufetubus barely misses you.
You hit the centaur warrior but do no damage.
The centaur warrior looks as sick as possible!
Your squeeze misses the centaur warrior.
The centaur warrior is heavily wounded.
The centaur warrior hits you! You block the centaur warrior's attack.
The ufetubus hits you but does no damage.
The ufetubus closely misses you.
You hit the centaur warrior.
The centaur warrior is heavily wounded.
The centaur warrior hits you!
* * * LOW HITPOINT WARNING * * *
The centaur warrior barely misses you. The ufetubus barely misses you.
The ufetubus misses you.
You hit the centaur warrior but do no damage.
The centaur warrior looks as sick as possible!
You squeeze the centaur warrior!
The centaur warrior is severely wounded.
The centaur warrior hits you.
* * * LOW HITPOINT WARNING * * *
The centaur warrior kicks you but does no damage.
The ufetubus barely misses you.
The ufetubus hits you but does no damage.
You hit the ufetubus. You grab the ufetubus.
The ufetubus is moderately wounded.
You constrict the ufetubus. The centaur warrior hits you.
* * * LOW HITPOINT WARNING * * *
The centaur warrior barely misses you.
The ufetubus hits you but does no damage.
The ufetubus barely misses you.
It was a potion of resistance.
You feel protected.
You constrict the ufetubus. The centaur warrior hits you!
* * * LOW HITPOINT WARNING * * *
You block the centaur warrior's attack. You block the ufetubus's attack.
The ufetubus hits you but does no damage.
The centaur warrior hits you!
You die...
Your body crumbles into a pile of gold.

#..[. #.....# #### #.... #.....#
##... #....####...$.# #....
#...#........# .....
####.........# #....
#............# $
...###............###
.###.#.#......85......# ...
.......#........@.....# ...
#'#...$.........c.....# ######...
......................# #........
###.##########........# #........
#. ##.......###........ #.
#............)..... #
#...........)∩)....
###.###########...........)).....
.................................


You could see a centaur warrior (extremely poisoned) and an ufetubus.

Levels and vault maps discovered:
D:1:      lemuel_arrival_cross, layout_basic
D:2:      layout_basic
D:3:      layout_loops_corners
D:4:      layout_loops_ring, serial_shops, kennysheep_mini
D:5:      layout_gridville, nicolae_qazlal_style_of_elements,
          minmay_temple_entry_statues_pillars, minmay_fractal_squares_5
D:6:      layout_loops_corners, minmay_misc_feat_columns
D:7:      layout_cave_pods, serial_shops,
          nicolae_shop_temple_entry_statues_fountains, minmay_fountain_box,
          hangedman_abyss_or_decor_stabs
D:8:      layout_cave_pools, due_lair_maze_entry_diamond,
          amcnicky_mini_corridor_feature
D:9:      layout_irregular_city, serial_ice, serial_ice_c, serial_ice_d,
          serial_ice_n, serial_ice_j, serial_ice_h, serial_ice_g, serial_ice_m,
          serial_ice_a, enter_bailey_2, uniq_maurice, uniq_erolcha
D:10:     layout_grid_maze, uniq_maggie
D:11:     layout_stronghold
Temple:   compressed_dpeg_triangle_lava_temple

Notes
Turn   | Place    | Note
-------+----------+-------------------------------------------
     0 | D:1      | ABBCCCDDDD the Octopode Enchanter began the quest for the
                  | Orb.
     0 | D:1      | Reached XP level 1. HP: 11/11 MP: 3/3
   340 | D:1      | Reached XP level 2. HP: 18/18 MP: 5/5
   556 | D:1      | Learned a level 2 spell: Ensorcelled Hibernation
  1076 | D:2      | Reached skill level 1 in Fighting
  1076 | D:2      | Reached XP level 3. HP: 21/23 MP: 1/6
  1313 | D:2      | Reached XP level 4. HP: 25/28 MP: 7/7
  1321 | D:2      | Reached skill level 1 in Ice Magic
  2073 | D:3      | Reached skill level 5 in Stealth
  2079 | D:3      | Reached XP level 5. HP: 23/34 MP: 8/8
  3399 | D:4      | Learned a level 3 spell: Tukima's Dance
  3479 | D:4      | Reached XP level 6. HP: 39/39 MP: 9/9
  4120 | D:4      | Found Tatyuci's Jewellery Shoppe.
  4361 | D:5      | Entered Level 5 of the Dungeon
  4524 | D:5      | Found a staircase to the Ecumenical Temple.
  4534 | Temple   | Entered the Ecumenical Temple
  4541 | Temple   | Became a worshipper of Gozag Ym Sagoz the Greedy
  4574 | D:5      | Reached XP level 7. HP: 46/46 MP: 5/10
  4990 | D:5      | Noticed an air elemental
  4992 | D:5      | Found a stormy altar of Qazlal.
  4994 | D:5      | Noticed a water elemental
  4994 | D:5      | Noticed a fire elemental
  5237 | D:5      | Reached XP level 8. HP: 52/52 MP: 12/12
  5728 | D:6      | Noticed a yak
  5749 | D:6      | Killed a yak
  5750 | D:6      | Reached skill level 5 in Hexes
  5842 | D:6      | Noticed a yak
  5843 | D:6      | Noticed a yak
  5846 | D:6      | Noticed a yak
  5847 | D:6      | Learned a level 3 spell: Ozocubu's Armour
  7055 | D:6      | Killed a yak
  7056 | D:6      | Reached skill level 5 in Fighting
  7063 | D:6      | Killed a yak
  7064 | D:6      | Reached skill level 5 in Ice Magic
  7064 | D:6      | Reached XP level 9. HP: 48/62 MP: 2/13
  8878 | D:7      | Found Egyngat's Antique Armour Shop.
  8954 | D:8      | Reached skill level 1 in Shields
  9262 | D:8      | Reached XP level 10. HP: 71/71 MP: 11/14
  9444 | D:8      | Found a staircase to the Lair.
 10026 | D:4      | Bought the ring "Dyuwig" {rC+ AC+4 Str+4} for 817 gold
                  | pieces
 10108 | D:5      | Learned a level 5 spell: Freezing Cloud
 10540 | D:8      | Noticed an unseen horror
 10544 | D:8      | Killed an unseen horror
 10545 | D:8      | Reached skill level 1 in Conjurations
 10545 | D:8      | Reached skill level 1 in Air Magic
 11047 | D:8      | You fall into a shaft and drop 3 floors!
 11072 | D:10     | Entered Level 10 of the Dungeon
 11321 | D:9      | Noticed a catoblepas
 11349 | D:9      | Killed a catoblepas
 11486 | D:9      | Noticed a centaur warrior
 11502 | D:9      | Found a flagged portal.
 11511 | Bailey   | Entered a bailey
 11975 | Bailey   | Noticed an orc knight
 12000 | Bailey   | Killed an orc knight
 12001 | Bailey   | Reached skill level 5 in Spellcasting
 12001 | Bailey   | Reached XP level 11. HP: 36/77 MP: 18/18
 12604 | D:9      | HP: 3/77 [centaur warrior (9)]
 12604 | D:9      | Mangled by a centaur warrior

Table legend: (Time is in decaauts)
 A = Elapsed time spent in this place.
 B = Non-inter-level travel time spent in this place.
 C = Inter-level travel time spent in this place.
 D = Time resting spent in this place.
 E = Time spent auto-exploring this place.
 F = Levels seen in this place.
 G = Mean time per level.
                   A        B        C        D        E       F      G
               +--------+--------+--------+--------+--------+-----+--------+
         Total |  12519 |  11950 |    569 |   3235 |   6093 |  13 |  963.0 |
       Dungeon |  11531 |  10968 |    563 |   2835 |   5777 |  11 | 1048.3 |
        Temple |     14 |      8 |      6 |      0 |      0 |   1 |   14.0 |
        Bailey |    973 |    973 |      0 |    400 |    316 |   1 |  973.0 |
               +--------+--------+--------+--------+--------+-----+--------+

Top non-repeatable levels by time:
     D:7: 1925 daAuts
     D:5: 1631 daAuts
     D:6: 1519 daAuts
     D:3: 1498 daAuts
     D:8: 1261 daAuts
     D:1: 1130 daAuts
     D:4: 1017 daAuts
  Bailey: 973 daAuts
     D:2: 926 daAuts
     D:9: 418 daAuts
    D:10: 179 daAuts
    D:11: 21 daAuts
  Temple: 14 daAuts

Table legend:
 A = Kills in this place as a percentage of kills in entire the game.
 B = Kills by you in this place as a percentage of kills by you in the entire game.
 C = Kills by friends in this place as a percentage of kills by friends in the entire game.
 D = Other kills in this place as a percentage of other kills in the entire game.
 E = Experience gained in this place as a percentage of experience gained in the entire game.
 F = Experience gained in this place divided by the number of levels of this place that you have seen.
                   A       B       C       D       E      F
               +-------+-------+-------+-------+-------+----------------------
         Total | 100.0 | 100.0 | 100.0 |   N/A | 100.0 | 743.8
       Dungeon |  85.5 |  85.3 | 100.0 |   N/A |  91.4 | 803.4
        Bailey |  14.5 |  14.7 |   0.0 |   N/A |   8.6 | 832.0
               +-------+-------+-------+-------+-------+----------------------

Action                   |  1- 3 |  4- 6 |  7- 9 | 10-12 || total
-------------------------+-------+-------+-------+-------++-------
Melee: Dagger            |    54 |   107 |   172 |   250 ||   583
       Constrict         |    16 |    23 |    23 |    48 ||   110
       Tentacles         |    11 |    21 |    28 |    40 ||   100
Throw: Dart              |       |       |       |     6 ||     6
 Cast: Ensorcelled Hiber |     3 |     5 |    46 |    52 ||   106
       Corona            |       |       |     7 |     2 ||     9
       Ozocubu's Armour  |       |       |     1 |     5 ||     6
Evoke: Wand              |       |       |       |    20 ||    20
  Use: Scroll            |       |       |     7 |     4 ||    11
       Potion            |       |       |     2 |     1 ||     3
 Stab: Sleeping          |     3 |    25 |    34 |    27 ||    89
       Distracted        |       |       |       |     2 ||     2
Armor: Skin              |     2 |     3 |    30 |    89 ||   124
Dodge: Dodged            |    24 |    50 |    84 |   150 ||   308
Block: Buckler           |       |       |       |    52 ||    52

Vanquished Creatures
  A catoblepas (D:9)
  An orc knight (Bailey)
  An unseen horror (D:8)
  A slime creature (D:10)
  8 yaks
  3 water moccasins (D:8)
  2 orc warriors
  A necrophage (D:5)
  3 black bears (D:8)
  3 ice beasts
  2 ogres (D:5)
  A wolf (D:9)
  A centaur (D:6)
  2 kobold brigands
  6 bullfrogs
  A scorpion (D:8)
  A wyvern zombie (D:7)
  9 killer bees
  A wight (D:9)
  4 howler monkeys
  A centaur zombie (D:3)
  5 hounds
  8 jellies
  3 orc priests
  2 bullfrog skeletons
  A centaur skeleton (D:7)
  3 iguanas
  8 orc wizards
  3 centaur simulacra (D:9)
  A howler monkey zombie (D:5)
  10 adders
  19 gnolls
  A shadow imp (D:4)
  4 white imps
  2 worms
  3 dart slugs
  23 orcs
  3 endoplasms
  5 giant cockroaches
  22 hobgoblins
  A jackal (D:5)
  3 quokkas
  8 ball pythons
  2 bats
  2 frilled lizards
  4 goblins
  29 kobolds
  3 rats
231 creatures vanquished.

Vanquished Creatures (collateral kills)
  A white imp (D:9)
  A howler monkey simulacrum (D:9)
  An orc (D:9)
3 creatures vanquished.

Vanquished Creatures (others)
  45 fungi (D:8)
  45 plants (D:8)
90 creatures vanquished.

Grand Total: 324 creatures vanquished
